 Dungeon Crawl Stone Soup version 0.31-a0-441-g867994ef1c (webtiles) character file.

Game seed: 2846336025881300716

23 randomguy2701 the Chopper (level 2, 27/27 HPs)
             Began as a Hill Orc Monk on Aug 2, 2023.
             Quit the game on level 1 of the Dungeon.
             The game lasted 00:00:25 (633 turns).

randomguy2701 the Chopper (Hill Orc Monk)            Turns: 633, Time: 00:00:26

Health: 27/27      AC:  2    Str: 13    XL:     2   Next: 95%
Magic:  2/2        EV: 12    Int: 10    God:
Gold:   18         SH:  0    Dex: 13    Spells: 1/1 levels left

rFire   . . .        a - +0 hand axe
rCold   . . .        d - orb {light}
rNeg    . . .        b - +0 robe
rPois   .            (no helmet)
rElec   .            (no cloak)
rCorr   .            (no gloves)
SInv    .            (no boots)
Will    .....        (no amulet)
Stlth   +            (no ring)
HPRegen 0.24/turn    (no ring)
MPRegen 0.08/turn

%: no passive effects
@: glowing
A: no striking features
a: no special abilities


You were on level 1 of the Dungeon.
You visited 1 branch of the dungeon, and saw 1 of its levels.

You collected 18 gold pieces.

Inventory:

Hand Weapons
 a - a +0 hand axe (weapon)
Armour
 b - a +0 robe (worn)
 d - an orb of light (worn)
Scrolls
 f - a scroll of identify {unknown}
 g - a scroll of enchant weapon {unknown}
 h - a scroll of vulnerability {unknown}
Potions
 c - a potion of ambrosia
 e - a potion of curing {unknown}
 i - a potion of invisibility {unknown}
 j - 2 potions of lignification {unknown}
 k - 2 potions of degeneration {unknown}


   Skills:
 + Level 4.0 Fighting
 + Level 4.6 Axes
 + Level 2.7 Dodging


You had one spell level left.
You didn't know any spells.
Your spell library was empty.

Dungeon Overview and Level Annotations

Branches:
Dungeon (1/15)

Altars:


Message History

The hobgoblin barely misses you.
You completely miss the hobgoblin.
The hobgoblin is severely wounded.
The hobgoblin closely misses you.
You barely miss the hobgoblin.
The hobgoblin is severely wounded.
The hobgoblin hits you but does no damage.
A hobgoblin is nearby!
A hobgoblin is nearby!
A hobgoblin is nearby!
You hit the hobgoblin.
You kill the hobgoblin!
You see here a giant cockroach corpse.
j - 2 bubbling golden potions A bat comes into view.
Found 2 pink potions.
The bat moves out of view.
The bat hits you but does no damage.
You hit the bat but do no damage. The bat hits you. x2
You hit the bat.
The bat is moderately wounded.
The bat closely misses you. x2
You slash the bat!
You kill the bat!
No target in view!
No target in view!
No target in view!
No target in view!
No target in view!
No target in view!
No target in view!
k - 2 pink potions
Found a stone staircase leading down.
There is a stone staircase leading down here.
Found a ring mail.
No target in view!
No target in view!
No target in view!
No target in view!
No target in view!
Are you sure you want to abandon this character and quit the game? (Confirm with "yes".)

........# #.#....).....#
....##..# #.#.########.#
....##..# #.#.....# #.#
.....#..# #.)...#.# #.######
.....#..########.# # #......#
+#.#.......##..#.#[# #.####.#
.#.###..##.##..#.#.# #.####.#
.#.................# #.#....#
..........######@########.####
.#...............#......#.#
##.####.##########.####.#.#
......................#.#.#
##.####.........##.##.#...#
...##...#######.##.##.#####
.###..#.#.....#†#..##.#
.##..##.#.###'#.#.###.##
>.......#.#..)..#......#


There were no monsters in sight!

Vanquished Creatures
  A dart slug (D:1)
  3 ball pythons (D:1)
  3 bats (D:1)
  An endoplasm (D:1)
  2 giant cockroaches (D:1)
  3 goblins (D:1)
  A hobgoblin (D:1)
  2 frilled lizards (D:1)
  2 kobolds (D:1)
18 creatures vanquished.

Notes
Turn   | Place    | Note
-------+----------+-------------------------------------------
     0 | D:1      | randomguy2701 the Hill Orc Monk began the quest for the
                  | Orb.
     0 | D:1      | Reached XP level 1. HP: 19/19 MP: 1/1
   178 | D:1      | Reached XP level 2. HP: 26/27 MP: 2/2
   633 | D:1      | Quit the game

Illustrated notes

Levels and vault maps discovered:
D:1:      sevenhm_arrival_forest_fort_small_5, layout_basic

Skill      XL: |  1  2 |
---------------+-------+-----
Fighting       | 4 |  4.0
Axes           | |  4.6
Dodging        | |  2.7

Action                     || total
---------------------------++-------
  Melee: Hand axe          ||    53
 Armour: Robe              ||    14
  Dodge: Dodged            ||    35

Table legend: (Time is in decaauts)
 A = Elapsed time spent in this place.
 B = Non-inter-level travel time spent in this place.
 C = Inter-level travel time spent in this place.
 D = Time resting spent in this place.
 E = Time spent auto-exploring this place.
 F = Levels seen in this place.
 G = Mean time per level.
                   A        B        C        D        E       F      G
               +--------+--------+--------+--------+--------+-----+--------+
         Total |    644 |    644 |      0 |      0 |    534 |   1 |  644.0 |
       Dungeon |    644 |    644 |      0 |      0 |    534 |   1 |  644.0 |
               +--------+--------+--------+--------+--------+-----+--------+

Top non-repeatable levels by time:
     D:1: 644 daAuts
